Map: Orbital Shipyard

Players

TRiLoBiT

  • Race: Zerg Zerg

Bop - Winner!

  • Race: Terran Terran

VOD

Have the link to the VOD?

Description

Time

  • Played on: May 6, 2015, 10:55 p.m.
  • Length: 10:14
Show
View Real Time Build Order
Export as new Build Order

TRiLoBiT Zerg 

Build Orders: Hatch First 

Get SALT Encoding   

  12  0:01  Drone  
  13  0:09  Drone  
  14  0:18  Overlord  
  14  0:24  Extractor  
  14  0:25  Drone  
  15  0:37  Drone  
  16  0:50  Hatchery  
  16  0:52  Drone  
  16  0:55  Drone  
  17  1:01  Drone, Extractor  
  17  1:17  Spawning Pool  
  16  1:20  Drone  
  16  1:24  Drone  
  18  1:29  Drone  
  19  1:39  Drone  
  20  1:49  Overlord  
  20  2:04  Queen  
  20  2:06  Queen  
  24  2:10  Zergling x2  
  24  2:11  Drone  
  24  2:12  Drone  
  27  2:17  Drone  
  27  2:21  Roach Warren  
  27  2:25  Drone  
  28  2:35  Drone  
  29  2:38  Overlord  
  29  2:40  Overlord  
  29  2:51  Overlord  
  29  2:52  Overlord  
  29  3:04  Roach x3  
  35  3:11  Roach  
  36  3:15  Roach  
  36  3:16  Roach x2  
  42  3:20  Roach  
  42  3:22  Roach  
  46  3:29  Roach  
  46  3:31  Roach  
  50  3:37  Drone  
  50  3:38  Drone x2  
  50  3:39  Drone  
  54  3:43  Overlord  
  54  3:51  Drone  
  54  3:52  Drone x2  
  57  4:00  Drone x3  
  60  4:06  Ravager x2  
  62  4:10  Overlord  
  62  4:13  Drone  
  62  4:14  Drone x3  
  66  4:29  Hatchery  
  65  4:33  Hatchery  
  54  4:58  Lair  
  50  5:00  Drone x4  
  50  5:01  Extractor  
  50  5:02  Drone  
  50  5:03  Drone x2  
  50  5:05  Extractor  
  50  5:06  Extractor  
  48  5:11  Overlord  
  48  5:14  Queen  
  50  5:24  Metabolic Boost  
  50  5:26  Drone  
  50  5:27  Drone  
  52  5:33  Roach x2  
  52  5:34  Zergling x12  
  62  5:46  Queen  
  64  5:58  Overlord  
  64  5:59  Drone x2  
  64  6:00  Drone x4  
  69  6:19  Drone x3  
  69  6:21  Spire  
  63  6:46  Zergling x2  
  65  6:47  Zergling x18  
  72  6:57  Overlord x2  
  72  6:58  Drone  
  72  6:59  Drone x4  
  74  7:15  Overlord  
  73  7:22  Drone x2  
  75  7:23  Drone  
  76  7:35  Zerg Flyer Weapons Level 1, Mutalisk  
  76  7:36  Mutalisk x8, Baneling Nest  
  93  7:42  Hatchery  
  93  7:43  Hatchery  
  89  7:58  Mutalisk x2  
  89  7:59  Zergling x2  
  89  8:00  Zergling x22  
  85  8:35  Hatchery  
  85  8:36  Overlord  
  85  8:39  Mutalisk x5  
  92  8:53  Drone x2  
  92  8:54  Drone  
  92  8:55  Evolution Chamber, Drone x3  
  97  8:56  Evolution Chamber  
  97  8:57  Hatchery  
  95  9:10  Hatchery  
  95  9:15  Drone x3  
  97  9:29  Zergling x18  
  106  9:37  Baneling x12  
  106  9:38  Baneling x7  
  106  9:39  Zergling x2  
Show
View Real Time Build Order
Export as new Build Order

Bop Terran - Winner!

Build Orders: Command Center First (CC), Siege Tank Drop 

Get SALT Encoding   

  12  0:00  SCV  
  13  0:13  SCV  
  14  0:17  Supply Depot  
  14  0:25  SCV  
  15  0:43  SCV  
  16  0:56  Command Center  
  16  1:00  SCV  
  17  1:10  Barracks  
  17  1:12  SCV  
  18  1:24  SCV  
  19  1:27  Refinery  
  19  1:36  SCV  
  19  1:37  Barracks  
  20  1:43  Supply Depot  
  21  1:59  Orbital Command, Marine  
  21  2:09  Orbital Command  
  21  2:17  Marine  
  22  2:26  Marine  
  22  2:28  SCV  
  24  2:35  Marine  
  25  2:38  SCV, Factory  
  25  2:42  SCV  
  27  2:50  SCV  
  28  2:53  Marine x2  
  28  2:55  SCV  
  31  3:00  Refinery  
  31  3:02  SCV  
  32  3:10  SCV  
  32  3:11  Marine x2  
  35  3:15  Refinery  
  35  3:22  SCV  
  35  3:24  Factory Tech Lab, Starport  
  36  3:31  SCV  
  37  3:35  Command Center  
  37  3:37  SCV  
  37  3:38  Marine  
  37  3:39  Marine  
  40  3:44  SCV  
  40  3:46  Siege Tank  
  44  3:49  SCV  
  45  3:56  SCV  
  46  4:05  Supply Depot x2  
  46  4:07  Barracks Reactor  
  46  4:08  Barracks Tech Lab  
  46  4:19  Barracks  
  46  4:20  Barracks  
  46  4:26  SCV x2, Siege Tank, Medivac  
  52  4:35  Marine  
  52  4:38  SCV x2  
  54  4:48  Orbital Command  
  54  4:49  Marine x2  
  54  4:50  SCV  
  46  4:53  SCV, Marine  
  46  4:56  Medivac  
  47  5:02  SCV  
  47  5:07  Supply Depot  
  47  5:08  SCV  
  47  5:11  Barracks Reactor, Marauder  
  50  5:14  SCV  
  51  5:22  Marine x2  
  51  5:23  Siege Tank  
  51  5:25  Barracks Tech Lab  
  51  5:26  SCV x2  
  58  5:33  Marauder  
  61  5:35  SCV  
  61  5:38  SCV  
  61  5:40  SCV  
  63  5:47  SCV  
  64  5:50  SCV  
  64  5:51  Marine x2  
  64  5:52  Marauder, Missile Turret, Marine  
  64  5:54  SCV, Marauder  
  73  6:00  SCV  
  73  6:02  SCV  
  73  6:03  Marine  
  76  6:06  SCV  
  77  6:19  Marine  
  77  6:20  SCV x3, Marauder x2, Siege Tank, Medivac  
  77  6:21  Refinery  
  90  6:32  Marine x3  
  92  6:38  Barracks  
  93  6:40  Orbital Command  
  93  6:41  Barracks  
  93  6:43  Barracks  
  93  6:53  Starport Reactor  
  93  6:58  Supply Depot  
  93  7:00  Supply Depot  
  93  7:02  Supply Depot  
  93  7:19  Marine x3  
  93  7:20  SCV x3, Marauder  
  93  7:21  Marine  
  93  7:22  Siege Tank, Marauder  
  107  7:32  SCV  
  107  7:34  Engineering Bay  
  107  7:35  Armory  
  107  7:36  Engineering Bay  
  108  7:37  Marine x3  
  108  7:39  Marine  
  108  7:41  Marauder  
  108  7:43  Marauder  
  116  7:55  Marine  
  117  8:05  Refinery  
  117  8:07  Refinery  
  117  8:10  SCV  
  117  8:11  SCV, Marine x2  
  117  8:12  SCV, Marine  
  117  8:14  Medivac  
  117  8:15  Barracks Tech Lab, Marine  
  117  8:17  Barracks Reactor, Marauder  
  117  8:18  Marauder  
  117  8:19  Medivac  
  117  8:23  Siege Tank  
  112  8:29  Marine x2  
  112  8:33  SCV x3  
  106  8:38  Marine, Marauder  
  106  8:39  Marauder, Marine x2  
  111  8:43  Missile Turret  
  111  8:44  Medivac  
  111  8:45  SCV x3  
  111  8:47  Marine x2  
  116  8:56  Marine  
  116  8:57  Supply Depot x3  
  116  8:59  Supply Depot  
  117  9:04  Barracks Reactor  
  117  9:11  Missile Turret  
  117  9:14  Missile Turret  
  117  9:18  SCV x2, Marine x5  
  117  9:19  Marauder x2  
  125  9:25  Marine x2  
  125  9:29  Missile Turret  
  125  9:31  Thor  
  127  9:36  Marine x4  
  130  9:40  Orbital Command, Marauder  
  132  9:51  Marine  
  132  9:52  Marine x4  
Tags
 
Add a new tag
Caveats
  • Supply blocks, unpowered buildings, or Contaminate may cause inaccurate times.
  • Supply counts are checked every 10 seconds.